 Dungeon Crawl Stone Soup version 0.28.0-53-g5a82cb258f (webtiles) character file.

Game seed: 3434444195578604436

174 Sin92 the Skirmisher (level 5, 0/41 HPs)
             Began as a Demonspawn Fighter on June 7, 2022.
             Slain by Joseph
             ... wielding a +1 spectral quarterstaff
              (12 damage)
             ... on level 7 of the Dungeon.
             The game lasted 00:01:33 (1316 turns).

Sin92 the Skirmisher (Demonspawn Fighter)           Turns: 1316, Time: 00:01:33

Health: 0/41       AC:  6    Str: 18    XL:     5   Next: 28%
Magic:  0/5        EV:  9    Int: 10    God:
Gold:   32         SH:  4    Dex: 12    Spells: 4/4 levels left

rFire   . . .      SeeInvis .   a - +0 war axe
rCold   . . .      Faith    .   c - +0 buckler
rNeg    . . .      Spirit   +   b - +0 scale mail
rPois   .          Reflect  .   (no helmet)
rElec   .          Harm     .   (no cloak)
rCorr   .          Rampage  .   (no gloves)
Will    .....                   (no boots)
Stlth   ..........              (no amulet)
HPRegen 0.13/turn               (no ring)
MPRegen 0.18/turn               (no ring)

@: mighty
A: foul stench 1, magic shield, magic regeneration
a: no special abilities


You were on level 7 of the Dungeon.
You visited 1 branch of the dungeon, and saw 5 of its levels.

You collected 32 gold pieces.

Inventory:

Hand Weapons
 a - a +0 war axe (weapon)
Armour
 b - a +0 scale mail (worn)
 c - a +0 buckler (worn)
Jewellery
 f - a ring of flight
Potions
 e - a potion of heal wounds
 g - a potion of flight {unknown}
 h - a potion of curing {unknown}


   Skills:
 + Level 3.6 Fighting
 * Level 3.2 Axes
 + Level 3.3 Armour
 + Level 1.4 Dodging
 + Level 3.3 Shields


You had 4 spell levels left.
You didn't know any spells.
Your spell library contained the following spells:

 Spells                   Type           Power      Damage    Failure   Level
 Static Discharge         Conj/Air       0%         N/A       93%         2
 Lightning Bolt           Conj/Air       0%         1d11      100%        5
 Maxwell's Capacitive Co  Air            0%         ∞         100%        8


Dungeon Overview and Level Annotations

Branches:
Dungeon (4/15)
 Temple: D:4-7

Altars:

Annotations:
D:7 Joseph


Innate Abilities, Weirdness & Mutations

You may rarely emit foul miasma when damaged in melee.
When hurt, damage is shared between your health and your magic reserves.
You regenerate magic rapidly.


Message History

The worm bites you!
You slash the worm!
You kill the worm!
The hobgoblin barely misses you.
You slash the hobgoblin!
You kill the hobgoblin!
Items here: ††††.
Found an escape hatch in the floor.
Found a scroll labelled TAMOUR ZO MONO.
k - a scroll labelled TAMOUR ZO MONO Blink to where?
Press: ? - help, Dir - move target
As you read the scroll labelled TAMOUR ZO MONO, it crumbles to dust.
It was a scroll of blinking.
As you read the scroll labelled ISEZXOEFRO, it crumbles to dust.
It is a scroll of amnesia.
You feel forgetful for a moment.
As you read the scroll labelled LUNONU KURY, it crumbles to dust.
The air around you briefly surges with heat, but it dissipates.
It was a scroll of immolation.
There is an escape hatch in the floor here.
You feel a little less mighty now.
There is a shaft here.
You fall into a shaft and drop 3 floors!
The shaft crumbles and collapses.
Joseph shouts!
You feel very mighty all of a sudden.
Joseph tries to grin evilly.
Joseph zaps a wand.
The mass of ice explodes!
The iceblast engulfs you!
You hear a shout! x7
Unknown command.
Joseph unwields a +1 spectral quarterstaff.
Joseph wields a +0 hunting sling.
Joseph shoots a sling bullet.
The sling bullet hits you!
* * * LOW HITPOINT WARNING * * *
Unknown command.
Joseph unwields a +0 hunting sling.
Joseph wields a +1 spectral quarterstaff.
Joseph hits you with a +1 spectral quarterstaff!
You die...

#.#####
#.....#
#..##.#
....
#.#
.###
#@# #@#
..#
.#.#
..#.#
.. ..#
..# ###
#..


You could see Joseph.

Vanquished Creatures
  Menkaure (D:4)
  Natasha (D:2)
  An adder (D:2)
  A worm (D:4)
  4 endoplasms
  A giant cockroach (D:1)
  A goblin (D:2)
  3 hobgoblins
  2 jackals (D:4)
  A quokka (D:4)
  A ball python (D:2)
  4 bats
  A kobold (D:2)
  2 rats
24 creatures vanquished.

Notes
Turn   | Place    | Note
-------+----------+-------------------------------------------
     0 | D:1      | Sin92 the Demonspawn Fighter began the quest for the Orb.
     0 | D:1      | Reached XP level 1. HP: 18/18 MP: 1/1
   334 | D:1      | Found a faded altar of an unknown god.
   928 | D:2      | Gained mutation: You regenerate magic rapidly. [demonic
                  | ancestry]
   928 | D:2      | Reached XP level 2. HP: 23/24 MP: 2/2
  1014 | D:2      | Noticed Natasha
  1018 | D:2      | Killed Natasha
  1019 | D:2      | Gained mutation: You may rarely emit foul miasma when
                  | damaged in melee. [demonic ancestry]
  1019 | D:2      | Reached XP level 3. HP: 21/29 MP: 3/3
  1248 | D:4      | Noticed Menkaure
  1274 | D:4      | Killed Menkaure
  1275 | D:4      | Reached skill level 1 in Dodging
  1275 | D:4      | Gained mutation: When hurt, damage is shared between your
                  | health and your magic reserves. [demonic ancestry]
  1275 | D:4      | Reached XP level 4. HP: 30/36 MP: 4/4
  1275 | D:4      | Reached XP level 5. HP: 35/41 MP: 5/5
  1312 | D:4      | You fall into a shaft and drop 3 floors!
  1312 | D:7      | Noticed Joseph
  1316 | D:7      | Slain by Joseph

Illustrated notes

Levels and vault maps discovered:
D:1:      tarquinn_simple_flora_water_f, layout_loops_ring,
          ebering_ecumenical_altar_petrified
D:2:      layout_basic, hangedman_decor_peaks_small, uniq_natasha, uniq_sigmund
D:3:      layout_rooms, mainiacjoe_overflow_alcove_1,
          lemuel_coloured_pillars_altar, nicolae_overflow_squiral,
          chequers_mini_garden
D:4:      layout_rooms, old_standard_altar,
          nicolae_hepliaklqana_monster_ancestors,
          lemuel_zombie_altar_yredelemnul, old_standard_altar,
          grunt_ministairs_5, kennysheep_generic_room_8, uniq_eustachio,
          uniq_menkaure, uniq_pikel
D:7:      layout_basic, uniq_joseph

Skill      XL: |  1  2  3 |
---------------+----------+-----
Axes           | 2 3 |  3.2
Armour         | 3 |  3.3
Shields        | 3 |  3.3
Dodging        | 1 |  1.4
Fighting       | |  3.6

Action                   |  1- 3 |  4- 6 || total
-------------------------+-------+-------++-------
Melee: War axe           |    51 |     3 ||    54
  Use: Potion            |     2 |     1 ||     3
       Scroll            |       |     3 ||     3
Armor: Scale mail        |    20 |       ||    20
Dodge: Dodged            |    24 |     1 ||    25
Block: Buckler           |    11 |       ||    11
